FIQ, neutral male gnomish Wizard ############ #--------------.-..--- #.................... ##....-----..... ....-------- -------- ##....|+++|.(.-.-.......|(((| |.......#####....|..+|..|.....|.|..|(..| |......| # ....|..+||-...@(.|.-|-|...|---.| |.....<-## |...-|---..|...f.|....-|---....| |......| |..........|.G...|.............. -------- |........{.--f----.{...........| |......)..(....................| |...--|--..[|G......-+---+--...| |...|...|-------.---... ..| |...|((.| +.+ | .| |...|(((| |.| | |...----- -.- |... . ----- --- FIQ the Evoker Experience level: 1 Strength: 10 Dexterity: 13 Constitution: 15 Intelligence: 19 Wisdom: 11 Charisma: 11 Health: 0(11) Energy: 7(7) Def: 4 Gold: 3760 Moves: 5078 Dungeon seed: X1CwS9TI2xrSi5eE Game ID: FIQ_1592164336 Your Inventory: Coins $ - 3760 gold pieces Amulets y - an uncursed amulet of magical breathing Weapons a - a blessed +1 quarterstaff (weapon in hands) E - an uncursed +0 dagger (alternate weapon; not wielded) I - an uncursed +1 javelin N - a cursed +0 dwarvish short sword O - 11 uncursed +0 darts P - a blessed +1 quarterstaff U - a cursed -2 dagger Armor e - an uncursed +0 cloak of magic resistance (being worn) q - an uncursed +0 pair of gauntlets of dexterity (being worn) S - an uncursed +1 orcish helm (being worn) Potions d - an uncursed potion of confusion i - an uncursed potion of levitation z - a blessed potion of sickness A - a potion of unholy water J - a cursed potion of restore ability Rings l - an uncursed ring of slow digestion (on left hand) m - a cursed +4 ring of adornment o - a cursed ring of stealth p - a cursed +2 ring of gain strength Wands s - an uncursed wand of make invisible (0:8) F - a cursed wand of digging (0:6) M - an uncursed wand of striking (0:4) W - an uncursed wand of striking (0:8) Tools j - 6 cursed tallow candles (0:200) t - an uncursed towel w - an uncursed magic whistle H - an uncursed frost horn (0:7) K - an uncursed expensive camera (0:74) Gems n - an uncursed worthless piece of black glass r - an uncursed worthless piece of white glass u - 2 cursed worthless pieces of red glass v - an uncursed jade stone x - 2 uncursed worthless pieces of green glass Spells and supernatural/magical abilities: Name Level Category Cost Memory a - force bolt 1 attack 5pw 92% k - knock 1 matter 5pw 93% m - magic missile 2 attack 10pw 92% n - detect monsters 1 divination 5pw 96% u - confuse monster 2 enchantment 10pw 92% v - clairvoyance 3 divination 57pw 92% O - summoning 2 clerical 15pw 96% W - pray for help -- divine ? -- Your skills at the end: Fighting Skills wands [Basic] Weapon Skills quarterstaff [Basic] Spellcasting Skills attack spells [Basic] enchantment spells [Basic] Final Attributes: You were nominally aligned. You were magic resistant. You had infravision. You had slower digestion. Thoth was noncommittal. You are dead. Vanquished creatures: a ghost a large mimic a leprechaun a giant spider a bugbear 2 Mordor orcs a pony a yellow light a kobold mummy 2 elf zombies 3 straw golems 2 little dogs a floating eye a kitten a kobold lord a kobold shaman 11 hill orcs a rothe a giant bat an orc zombie an acid blob 3 gas spores 3 hobbits 5 manes 2 hobgoblins a giant rat 2 cave spiders 5 yellow molds 2 green molds 2 red molds 3 gnomes 2 gnome zombies 8 geckos 3 jackals 2 foxes 2 sewer rats 4 grid bugs a bat 2 lichens 9 newts 97 creatures vanquished. Voluntary challenges: You used a wielded weapon 1 time, starting on turn 2454. You were a pacifist. You read items or engraved 19 times, starting on turn 1. You never genocided any monsters. You never polymorphed an object. You never changed form. You used no wishes. You never split a pudding. You never wrote Elbereth's name. You never violated your personal moral code. Dungeon overview: The Dungeons of Doom: levels 1 to 4 Level 1 a fountain a long staircase Level 2 a general store, an altar to Ptah, some fountains, a vault Level 3 a general store, a vault Level 4 a fountain stairs to The Gnomish Mines The Gnomish Mines: levels 5 to 8 Level 5 stairs to The Dungeons of Doom Level 6 Level 7 Level 8 <- You were here some shops, a temple to Ptah, some fountains History has recorded: On T:1 you entered the Dungeons of Doom to retrieve the Amulet of Yendor! On T:363 you reached level 2 of The Dungeons of Doom. On T:826 you reached level 3 of The Dungeons of Doom. On T:2048 you reached level 4 of The Dungeons of Doom. On T:2355 you reached level 1 of The Gnomish Mines. On T:2898 you reached level 2 of The Gnomish Mines. On T:3777 you reached level 3 of The Gnomish Mines. On T:4659 you reached level 4 of The Gnomish Mines. Score breakdown: Gold: 3760 (12161 points) Experience: 1 level ( 0 points) Exploration: 8 levels ( 15.69%) (11224 points) Discoveries: 22 items ( 7.38%) ( 8151 points) Valuables value: (no points given unless you survive) Artifact value: 0 ( 0 points) Variety of kills: 40 monsters ( 10.53%) ( 9733 points) Turncount: 5078 turns (-1377 points) Survival: died (score multiplied by 80%) Total score: 31913 Latest messages: The large mimic hits the large cat. The large cat drops a spellbook. The large cat picks up a spellbook. The dungeon acoustics noticeably change. The large cat drops a spellbook. You hear crashing rock. You produce a strange whistling sound. You produce a strange whistling sound. You see here a key. You displace the watchman. The priest of Ptah intones: "Pilgrim, you enter a sacred place!" You have a strange forbidding feeling... You produce a strange whistling sound. You hear a door open. The jaguar hits! (2x) The jaguar bites! The jaguar hits! You die... Final status: Goodbye FIQ the Wizard, killed by a jaguar... You died in The Gnomish Mines on dungeon level 8 with 31913 points, and 3760 pieces of gold, after 5078 moves. You were level 1 with a maximum of 11 hit points when you died.